 Dungeon Crawl Stone Soup version 0.30-a0-390-g80c34de65d (webtiles) character file.

Game seed: 16981892023699462677

105 Bnni the Shield-Bearer (level 5, -1/42 HPs)
             Began as a Formicid Fighter on Dec 4, 2022.
             Splashed by a jelly's acid (9 damage)
             ... on level 4 of the Dungeon.
             The game lasted 00:02:39 (1912 turns).

Bnni the Shield-Bearer (Formicid Fighter)           Turns: 1912, Time: 00:02:39

Health: -1/42      AC: 11    Str: 22    XL:     5   Next: 9%
Magic:  5/5        EV:  6    Int:  8    God:
Gold:   232        SH:  5    Dex: 13    Spells: 4/4 levels left

rFire   . . .      SeeInvis +    j - +2 dagger (venom)
rCold   . . .      Faith    .    c - +0 buckler
rNeg    . . .      Spirit   .    h - +0 plate armour
rPois   .          Reflect  .    (helmet unavailable)
rElec   .          Harm     .    (no cloak)
rCorr   .          Rampage  .    (no gloves)
Will    .....                    (no boots)
Stlth   ..........               (no amulet)
HPRegen 0.27/turn                (no ring)
MPRegen 0.09/turn                (no ring)

@: no status effects
A: permanent stasis, dig shafts and tunnels, antennae 3, four strong arms
a: Dig, Shaft Self


You were on level 4 of the Dungeon.
You visited 1 branch of the dungeon, and saw 4 of its levels.

You collected 232 gold pieces.

Inventory:

Hand Weapons
 a - a +0 trident
 j - a +2 dagger of venom (weapon)
Armour
 c - a +0 buckler (worn)
 h - a +0 plate armour (worn)
Wands
 p - a wand of flame (11)
Scrolls
 b - a scroll of noise {unknown}
 e - a scroll of fear {unknown}
 f - 2 scrolls of teleportation {unknown}
 k - 2 scrolls of identify {unknown}
 l - 2 scrolls of poison {unknown}
 o - a scroll of silence {unknown}
 q - a scroll of amnesia {unknown}
 s - a scroll of brand weapon {unknown}
 t - a scroll of enchant weapon {unknown}
Potions
 d - 2 potions of might
 g - a potion of mutation {unknown}
 i - a potion of brilliance {unknown}
 m - 3 potions of curing
 n - a potion of ambrosia {unknown}
 r - a potion of haste {unknown}


   Skills:
 + Level 4.0 Fighting
 * Level 3.7 Polearms
 - Level 3.2 Armour
 - Level 5.0 Shields


You had 4 spell levels left.
You didn't know any spells.
Your spell library contained the following spells:

 Spells                   Type           Power      Damage    Failure   Level
 Cigotuvi's Dreadful Rot  Necr/Pois/Air  0%         N/A       100%        2
 Momentum Strike          Conj/Tloc      0%         3d8       100%        2
 Poisonous Vapours        Pois/Air       0%         N/A       100%        2
 Lesser Beckoning         Tloc           0%         N/A       100%        3
 Mephitic Cloud           Conj/Pois/Air  0%         N/A       100%        3
 Ozocubu's Armour         Ice            0%         N/A       100%        3
 Metabolic Englaciation   Hex/Ice        0%         N/A       100%        5
 Simulacrum               Ice/Necr       0%         N/A       100%        6
 Blink                    Tloc           Unusable   N/A       N/A         2

Dungeon Overview and Level Annotations

Branches:
Dungeon (4/15)
 Temple: D:4-7

Altars:
Nemelex Xobeh

Annotations:
D:4 Blork the orc


Innate Abilities, Weirdness & Mutations

You cannot be hasted, slowed, berserked, paralysed or teleported.
You can dig through walls and to a lower floor.
You have a pair of large antennae on your head. (SInv)
Your four strong arms can wield two-handed weapons with a shield.


Message History

The magic dart hits you.
You hit Blork the orc but do no damage. Blork the orc closely misses you.
You hit Blork the orc.
Blork the orc is poisoned.
Blork the orc is lightly wounded.
Blork the orc hits you with a +0 long sword.
You hit Blork the orc but do no damage.
Blork the orc looks even sicker.
Blork the orc is lightly wounded.
Blork the orc hits you with a +0 long sword.
You closely miss Blork the orc.
Blork the orc is lightly wounded.
The jelly hits you but does no damage.
Blork the orc hits you with a +0 long sword.
You hit Blork the orc but do no damage.
Blork the orc looks as sick as possible!
Blork the orc is lightly wounded.
Blork the orc casts a spell.
Blork the orc seems to speed up.
The jelly closely misses you.
You barely miss Blork the orc.
Blork the orc is lightly wounded.
Blork the orc points at you and mumbles some strange words.
The puff of flame hits you. The jelly barely misses you.
You barely miss Blork the orc.
Blork the orc is lightly wounded.
You block Blork the orc's attack.
Blork the orc hits you with a +0 long sword!
The jelly hits you but does no damage.
You are too injured to fight recklessly!
You hit the jelly.
Your hands burn!
* * * LOW HITPOINT WARNING * * *
The jelly is lightly wounded.
Blork the orc closely misses you. The jelly hits you but does no damage.
Blork the orc hits you with a +0 long sword.
* * * LOW HITPOINT WARNING * * *
You barely miss the jelly.
The jelly is lightly wounded.
Blork the orc hits you but does no damage.
The jelly hits you.
* * * LOW HITPOINT WARNING * * *
You are splashed with acid!
You die...

### ..#
##########.#
.........#.#
########.#.#
#<##.#.########
##.)....#o.....#
#..........#@###
#..######...J..#
## #......#.#.#
########.#.# #.#
. #.# ## #.# #.#
.#


You could see Blork the orc (fast, very poisoned) and a jelly.

Vanquished Creatures
  4 adders
  An ufetubus (D:3)
  4 dart slugs
  5 bats
  6 endoplasms
  2 giant cockroaches
  3 hobgoblins
  2 jackals (D:3)
  6 kobolds
  3 quokkas
  6 ball pythons
  5 frilled lizards
  4 goblins (D:1)
  7 rats
58 creatures vanquished.

Notes
Turn   | Place    | Note
-------+----------+-------------------------------------------
     0 | D:1      | Bnni the Formicid Fighter began the quest for the Orb.
     0 | D:1      | Reached XP level 1. HP: 18/18 MP: 1/1
   163 | D:1      | Reached XP level 2. HP: 24/24 MP: 2/2
   390 | D:1      | Reached XP level 3. HP: 24/29 MP: 3/3
   964 | D:2      | Reached skill level 5 in Shields
   964 | D:2      | Reached XP level 4. HP: 26/37 MP: 4/4
  1696 | D:3      | Found a sparkling altar of Nemelex Xobeh.
  1736 | D:3      | Reached XP level 5. HP: 38/42 MP: 5/5
  1857 | D:3      | Found a faded altar of an unknown god.
  1901 | D:4      | Noticed Blork the orc
  1912 | D:4      | Splashed by a jelly's acid

Illustrated notes

Levels and vault maps discovered:
D:1:      scummos_arrival_forest, layout_loops_ring, nrook_mini_vaults
D:2:      layout_rooms
D:3:      layout_rooms, amcnicky_altar_gilded,
          hellmonk_ecumenical_altar_inner_sanctum
D:4:      layout_basic, marbit_many_paths, minmay_temple_entry_gardened_gates,
          gammafunk_ghost_grave, minmay_surrounded, uniq_blork_the_orc

Skill      XL: |  1  2  3  4 |
---------------+-------------+-----
Polearms       | 3 |  3.7
Shields        | 5 |  5.0
Fighting       | 4 |  4.0
Armour         | |  3.2

Action                   |  1- 3 |  4- 6 || total
-------------------------+-------+-------++-------
Melee: Trident           |    61 |       ||    61
       Dagger            |    26 |    82 ||   108
 Abil: Dig               |     1 |       ||     1
  Use: Potion            |     2 |       ||     2
Armor: Scale mail        |     7 |       ||     7
       Plate armour      |    20 |    47 ||    67
Dodge: Dodged            |    22 |    32 ||    54
Block: Buckler           |    10 |    18 ||    28

Table legend: (Time is in decaauts)
 A = Elapsed time spent in this place.
 B = Non-inter-level travel time spent in this place.
 C = Inter-level travel time spent in this place.
 D = Time resting spent in this place.
 E = Time spent auto-exploring this place.
 F = Levels seen in this place.
 G = Mean time per level.
                   A        B        C        D        E       F      G
               +--------+--------+--------+--------+--------+-----+--------+
         Total |   1927 |   1869 |     58 |     23 |   1422 |   4 |  481.8 |
       Dungeon |   1927 |   1869 |     58 |     23 |   1422 |   4 |  481.8 |
               +--------+--------+--------+--------+--------+-----+--------+

Top non-repeatable levels by time:
     D:1: 774 daAuts
     D:2: 586 daAuts
     D:3: 540 daAuts
     D:4: 26 daAuts
